 Dungeon Crawl Stone Soup version 0.29.0-13-gc9e81de378 (webtiles) character file.

Game seed: 16041605628151938619

2 SnakkuSnakku7 the Caller (level 1, -2/14 HPs)
             Began as a Ghoul Summoner on Sept 10, 2022.
             Slain by a jackal (3 damage)
             ... on level 1 of the Dungeon.
             The game lasted 00:00:28 (138 turns).

SnakkuSnakku7 the Caller (Ghoul Summoner)            Turns: 138, Time: 00:00:28

Health: -2/14      AC:  2    Str: 11    XL:     1   Next: 30%
Magic:  1/2        EV: 12    Int: 10    God:
Gold:   23         SH:  0    Dex:  9    Spells: 2/3 levels left

rFire   . . .      SeeInvis .   (no weapon)
rCold   + . .      Faith    .   (no shield)
rNeg    + + +      Spirit   .   a - +0 robe
rPois   ∞          Reflect  .   (no helmet)
rElec   .          Harm     .   (no cloak)
rCorr   .          Rampage  .   (no gloves)
Will    .....                   (no boots)
Stlth   ++........              (no amulet)
HPRegen 0.00/turn               (no ring)
MPRegen 0.08/turn               (no ring)

@: inhibited regen
A: claws 1, cold resistance 1, negative energy resistance 3, inhibited
regeneration, torment resistance 2, devour on kill
a: no special abilities


You were on level 1 of the Dungeon.
You visited 1 branch of the dungeon, and saw 1 of its levels.

You collected 23 gold pieces.

Inventory:

Missiles
 c - 3 poisoned darts (quivered)
Armour
 a - a +0 robe (worn)
Potions
 b - a potion of magic


   Skills:
 - Level 0.1 Fighting
 + Level 0.1 Throwing
 - Level 1.7 Dodging
 - Level 2.1 Stealth
 + Level 0.3 Unarmed Combat
 - Level 1.7 Spellcasting
 - Level 3.6 Summonings


You had 2 spell levels left.
You knew the following spells:

 Your Spells              Type           Power      Damage    Failure   Level
a - Summon Small Mammal   Summ           32%        N/A       8%          1

Your spell library contained the following spells:

 Spells                   Type           Power      Damage    Failure   Level
 Call Imp                 Summ           8%         N/A       11%         2
 Call Canine Familiar     Summ           8%         N/A       22%         3
 Summon Guardian Golem    Hex/Summ       4%         N/A       43%         3
 Summon Lightning Spire   Summ/Air       4%         N/A       83%         4


Dungeon Overview and Level Annotations

Branches:
Dungeon (1/15)

Altars:


Innate Abilities, Weirdness & Mutations

You are immune to poison.
You have sharp fingernails.
Your flesh is cold resistant. (rC+)
You are immune to negative energy. (rN+++)
You do not regenerate when monsters are visible.
You are immune to unholy pain and torment.
You thrive by killing the living.


Message History

Casting: Summon Small Mammal (safe; 8% risk of failure)
Confirm with . or Enter, or press ? or * to list all spells.
Unknown command.
Throw: 5 darts (poison)
Press: ? - help, Q - select action, (/) - cycle Shift-Dir - straight line, f - jackal
Aim: a jackal (ally target, 43% to hit)
You throw a poisoned dart.
The poisoned dart closely misses the jackal.
Your bat hits the jackal but does no damage.
The jackal bites you. The jackal closely misses you.
The jackal bites you but does no damage.
The jackal misses you.
Unknown command.
Throw: 4 darts (poison)
Press: ? - help, Q - select action, (/) - cycle Shift-Dir - straight line, f/p - jackal
Aim: a jackal (ally target, 43% to hit)
You throw a poisoned dart. The poisoned dart hits the jackal.
The jackal is poisoned.
Your bat misses the jackal.
Your bat barely misses the jackal.
The jackal misses you. The jackal bites you.
Unknown command.
You barely miss the jackal. The jackal bites you.
* * * LOW HITPOINT WARNING * * *
The jackal misses you. The jackal completely misses you. x2
Unknown command.
You closely miss the jackal. Your bat misses the jackal. The jackal bites you.
* * * LOW HITPOINT WARNING * * *
The jackal closely misses you.
Unknown command.
Unknown command.
You scratch the jackal but do no damage.
The jackal is lightly wounded.
Your bat barely misses the jackal. x2; The jackal misses you.
The jackal bites you.
* * * LOW HITPOINT WARNING * * *
Unknown command.
You barely miss the jackal.
The jackal is lightly wounded.
The jackal closely misses you. x2; The jackal bites you.
You die...

#.....................#
#..
#>.............##.....#
#.# #..............
#.....#.##.#
######.........
#######..... #.........
###### #.....#+########
#..
#######..............#
#..
#....................#
#...#
#...........@h.b.....#
##
#........####h#....###
###########..h#.......
####...#.......
#......#.......
#..............
....r.....>......
........#........
................


You could see 3 jackals and a friendly bat (summoned).

Vanquished Creatures
  A hobgoblin (D:1)
  A frilled lizard (D:1)
2 creatures vanquished.

Notes
Turn   | Place    | Note
-------+----------+-------------------------------------------
     0 | D:1      | SnakkuSnakku7 the Ghoul Summoner began the quest for the
                  | Orb.
     0 | D:1      | Reached XP level 1. HP: 14/14 MP: 2/2
   138 | D:1      | Slain by a jackal

Illustrated notes

Levels and vault maps discovered:
D:1:      psy_arrival_radial01, layout_basic

Action                   || total
-------------------------++-------
Melee: Unarmed           ||     9
Throw: Dart              ||     2
 Cast: Summon Small Mamm ||     1
Armor: Robe              ||     2
Dodge: Dodged            ||    18
